 Dungeon Crawl Stone Soup version 0.21.1-1-g345015fe64 (webtiles) character file.

4188 Oravi the Martial Artist (level 10, 0/79 HPs)
             Began as a Merfolk Transmuter on May 15, 2018.
             Was an Elder of Okawaru.
             Slain by Psyche
             ... wielding a +4 dagger of chaos
              (10 damage)
             ... while paralysed by Psyche
             ... on level 9 of the Dungeon.
             The game lasted 00:32:53 (9490 turns).

Oravi the Martial Artist (Merfolk Transmuter)       Turns: 9490, Time: 00:32:53

Health: 0/79       AC:  2    Str: 10    XL:     10   Next: 29%
Magic:  3/17       EV:  5    Int: 16    God:    Okawaru [****..]
Gold:   414        SH:  0    Dex: 24    Spells: 5/19 levels left

rFire    . . .     SeeInvis .     - Unarmed
rCold    . . .     Gourm    +   (shield currently unavailable)
rNeg     . . .     Faith    .   (armour currently unavailable)
rPois    x         Spirit   .   (helmet currently unavailable)
rElec    .         Reflect  .   (cloak currently unavailable)
rCorr    .         Harm     .   (gloves currently unavailable)
MR       .....                  (boots currently unavailable)
Stlth    ++........             y - amulet of the gourmand
HPRegen  0.23/turn              v - ring of Qear {Dex+4 Stlth-}
MPRegen  0.15/turn              A - ring of wizardry

@: paralysed, spider-form (expiring), heroism, hasted
A: tiny, (change form in water), (swift swim), (stealthy swim)
a: End Transformation, Heroism, Renounce Religion


You were on level 9 of the Dungeon.
You worshipped Okawaru.
Okawaru was greatly pleased with you.
You were not hungry.
You were a venomous arachnid creature.
You visited 2 branches of the dungeon, and saw 10 of its levels.

You collected 414 gold pieces.

Inventory:

Missiles
 a - 148 arrows
Armour
 b - a +0 robe (melded)
 m - a +2 helmet (melded)
 z - a cursed +0 buckler
Jewellery
 l - a +1 ring of evasion
 u - an uncursed ring of protection from cold
 v - the ring of Qear (left front leg) {Dex+4 Stlth-}
   (You found it on level 4 of the Dungeon)

   [ring of loudness]

   It affects your dexterity (+4).
   It makes you less stealthy.
 y - an amulet of the gourmand (around neck)
 A - a ring of wizardry (right front leg)
 D - the amulet of the Air {Inacc +Fly rElec EV+5 RMsl}
   (You found it on level 6 of the Dungeon)

   [amulet of inaccuracy]

   It reduces the accuracy of all your attacks.
   It affects your evasion (+5).
   It insulates you from electricity.
   It lets you fly.
   It protects you from missiles.
Wands
 j - a wand of iceblast (2)
 s - a wand of random effects (26)
 E - a wand of disintegration (13)
Scrolls
 e - 6 scrolls of teleportation
 f - a scroll of enchant armour
 p - 2 scrolls of amnesia
 x - 4 scrolls of remove curse
 F - a scroll of blinking {unknown}
 G - a scroll of random uselessness {unknown}
 I - a scroll of fog {unknown}
 J - 3 scrolls of enchant weapon {unknown}
 K - a scroll of summoning {unknown}
 L - a scroll of identify
Potions
 g - 2 potions of lignification
 h - 2 potions of mutation
 i - 3 potions of curing
 k - a potion of brilliance
 n - a potion of magic
 o - 3 potions of flight
 q - 6 potions of might
 r - 3 potions of cancellation
 t - a potion of agility
 w - 2 potions of ambrosia {unknown}
 B - 5 potions of degeneration {unknown}
 C - a potion of invisibility {unknown}
 H - a potion of heal wounds {unknown}
Books
 c - a book of Changes

   Spells                             Type                      Level
   a - Beastly Appendage              Transmutation                1
   b - Sticks to Snakes               Transmutation                2
   c - Spider Form                    Transmutation/Poison         3
   d - Ice Form                       Ice/Transmutation            4
   e - Blade Hands                    Transmutation                5
Comestibles
 d - 16 rations


   Skills:
 + Level 7.3(12.3) Fighting
 + Level 9.1(14.1) Dodging
 - Level 10.0(15.0) Unarmed Combat
 + Level 5.1 Spellcasting
 - Level 7.0 Transmutations


You had 5 spell levels left.
You knew the following spells:

 Your Spells              Type           Power        Failure   Level  Hunger
a - Spider Form           Tmut/Pois      ###.......   11%         3    ###....
b - Sticks to Snakes      Tmut           ####....     2%          2    #......
c - Ice Form              Ice/Tmut       ###.....     26%         4    ####...
d - Blade Hands           Tmut           ####......   19%         5    ######.


Dungeon Overview and Level Annotations

Branches:
Dungeon (9/15)             Temple (1/1) D:4            Lair (0/6) D:8
    Orc: D:9-12

Altars:
Ashenzari
Cheibriados
Dithmenos
Elyvilon
Fedhas
Gozag
Hepliaklqana
Kikubaaqudgha
Makhleb
Nemelex Xobeh
Okawaru
Qazlal
Ru
Sif Muna
Trog
Uskayaw
Vehumet
Wu Jian
Xom
Yredelemnul
Zin
The Shining One

Annotations:
D:4 2 transporters
D:7 1 runed door
D:9 Psyche


Message History

The puff of frost hits you!
You bite Psyche!
Psyche looks as sick as possible!
Psyche is severely wounded.
Psyche barely misses you. Psyche completely misses you.
You barely miss Psyche.
Psyche is severely wounded.
Your transformation is almost over.
Psyche hits you with a dagger of chaos.
* * * LOW HITPOINT WARNING * * *
You suddenly lose the ability to move!
Psyche hits you with a dagger of chaos.
* * * LOW HITPOINT WARNING * * *
You feel yourself speed up. Psyche barely misses you.
Psyche points at you and mumbles some strange words.
The puff of flame misses you. Psyche hits you with a dagger of chaos.
* * * LOW HITPOINT WARNING * * *
Space bends around you.
* * * LOW HITPOINT WARNING * * *
Psyche hits you with a dagger of chaos!
You die...

#..#### ###. ###.##### #...
#.<...#.### #####'##
###.#.#...# #.......
#...#...#.###.......
#.#######...#.......
.#######.#.....###('.......
.........#.###.# ###.).....
########..s@l..# #.......
#####.### ####+### #.# #l#
#.### #...# ######'##
#.......# +.......#


You could see Psyche and an iguana.

Vanquished Creatures
  A troll (D:9)
  Sigmund (D:3)
  A wyvern (D:8)
  A hungry ghost (D:9)
  Menkaure (D:7)
  A water moccasin (D:6)
  Purgy (D:3)
  2 sky beasts
  An eye of draining (D:9)
  An orc warrior (D:7)
  A phantom (D:2)
  2 necrophages
  8 ogres
  A centaur (D:6)
  A crocodile (D:6)
  2 bullfrogs
  A wyvern skeleton (D:9)
  A scorpion (D:6)
  6 killer bees (D:7)
  2 bullfrog zombies
  A quasit (D:7)
  4 crimson imps
  4 hounds
  A centaur zombie (D:5)
  An orc wizard (D:7)
  3 orc priests
  2 bullfrog skeletons (D:5)
  A gnoll shaman (D:6)
  3 jellies
  An iron imp (D:8)
  Jessica (D:2)
  2 iguanas
  6 worker ants
  A killer bee zombie (D:7)
  2 hound skeletons
  A worker ant zombie (D:7)
  Robin (D:2)
  10 adders
  3 gnolls
  3 shadow imps
  An ooze (D:2)
  An adder skeleton (D:4)
  2 worms
  12 dart slugs
  5 leopard geckos
  21 orcs
  A ball python (D:3)
  4 giant cockroaches
  2 gnoll zombies (D:3)
  18 goblins
  9 hobgoblins
  8 jackals
  2 quokkas
  8 bats
  6 frilled lizards
  A jackal zombie (D:6)
  7 kobolds
  A leopard gecko zombie (D:8)
  A quokka skeleton (D:8)
  14 rats
211 creatures vanquished.

Vanquished Creatures (collateral kills)
  A bat (D:3)
1 creature vanquished.

Grand Total: 212 creatures vanquished

Notes
Turn   | Place    | Note
-------+----------+-------------------------------------------
     0 | D:1      | Oravi the Merfolk Transmuter began the quest for the Orb.
     0 | D:1      | Reached XP level 1. HP: 15/15 MP: 3/3
   164 | D:1      | Reached XP level 2. HP: 19/21 MP: 3/5
   765 | D:2      | Reached skill level 4 in Unarmed Combat
   765 | D:2      | Reached XP level 3. HP: 11/26 MP: 6/6
  1137 | D:2      | Learned a level 2 spell: Sticks to Snakes
  1141 | D:2      | Learned a level 3 spell: Spider Form
  1210 | D:2      | Found a white marble altar of Elyvilon.
  1218 | D:2      | Noticed Jessica
  1232 | D:2      | Killed Jessica
  1232 | D:2      | Reached XP level 4. HP: 32/32 MP: 3/7
  1311 | D:2      | Noticed Robin
  1598 | D:2      | Killed Robin
  2099 | D:2      | Reached skill level 5 in Transmutations
  2118 | D:2      | Noticed a phantom
  2729 | D:2      | Killed a phantom
  2729 | D:2      | Reached XP level 5. HP: 19/37 MP: 2/8
  3034 | D:3      | Noticed Sigmund
  3050 | D:3      | Killed Sigmund
  3050 | D:3      | Reached skill level 5 in Unarmed Combat
  3050 | D:3      | Reached XP level 6. HP: 44/44 MP: 5/9
  3148 | D:3      | Noticed a hand axe
  3149 | D:3      | Found a hide-covered altar of Uskayaw.
  3149 | D:3      | Noticed a hand axe
  3388 | D:3      | Found a shimmering altar of Xom.
  3402 | D:3      | Noticed Purgy
  3785 | D:3      | Found a blossoming altar of Fedhas.
  3805 | D:3      | Reached XP level 7. HP: 26/50 MP: 3/10
  4112 | D:3      | Killed Purgy
  4112 | D:3      | Reached skill level 6 in Unarmed Combat
  4231 | D:3      | Found a shattered altar of Ashenzari.
  4678 | D:3      | Found a basalt altar of Yredelemnul.
  4904 | D:4      | Found a transporter.
  5057 | D:4      | Got a slimy turquoise ring
  5058 | D:4      | Identified the ring of Qear {Dex+4 Stlth-} (You found it on level 4 of the Dungeon)
  5118 | D:4      | Found an ancient bone altar of Kikubaaqudgha.
  5132 | D:4      | Found an iron altar of Okawaru.
  5248 | D:4      | Found a sparkling altar of Nemelex Xobeh.
  5267 | D:4      | Found a staircase to the Ecumenical Temple.
  5277 | Temple   | Entered the Ecumenical Temple
  5584 | Temple   | Became a worshipper of Warmaster Okawaru
  5611 | D:4      | Found a transporter.
  5839 | D:4      | Found a bloodstained altar of Trog.
  5839 | D:4      | Found a glowing silver altar of Zin.
  5842 | D:4      | Found an opulent altar of Gozag.
  5887 | D:5      | Entered Level 5 of the Dungeon
  6028 | D:5      | Reached XP level 8. HP: 49/58 MP: 4/11
  6035 | D:5      | Reached skill level 5 in Dodging
  6035 | D:5      | Reached skill level 7 in Unarmed Combat
  6050 | D:5      | Found a stormy altar of Qazlal.
  6139 | D:5      | Reached * piety under Okawaru
  6779 | D:6      | Reached skill level 8 in Unarmed Combat
  6863 | D:6      | Found the amulet of the Air {Inacc +Fly rElec EV+5 RMsl}
  6912 | D:6      | Found a shadowy altar of Dithmenos.
  7101 | D:6      | Reached skill level 5 in Fighting
  7101 | D:6      | Reached XP level 9. HP: 68/68 MP: 8/13
  7175 | D:6      | Reached ** piety under Okawaru
  7175 | D:6      | Reached skill level 9 in Unarmed Combat
  7209 | D:6      | Found a glowing silver altar of Zin.
  8248 | D:7      | Noticed Menkaure
  8252 | D:7      | Reached *** piety under Okawaru
  8257 | D:7      | Reached skill level 10 in Unarmed Combat
  8263 | D:7      | Killed Menkaure
  8650 | D:7      | Found a runed door.
  8727 | D:8      | Found a staircase to the Lair.
  8819 | D:8      | Reached XP level 10. HP: 77/77 MP: 12/16
  8951 | D:8      | Found a snail-covered altar of Cheibriados.
  9406 | D:9      | Learned a level 4 spell: Ice Form
  9412 | D:9      | Learned a level 5 spell: Blade Hands
  9418 | D:9      | Reached **** piety under Okawaru
  9418 | D:9      | Reached skill level 5 in Spellcasting
  9464 | D:9      | Noticed Psyche
  9487 | D:9      | Paralysed by Psyche for 5 turns
  9490 | D:9      | Slain by Psyche

Skill      XL: |  1  2  3  4  5  6  7  8  9 10 |
---------------+-------------------------------+-----
Transmutations | 3 4 6 7 |  7.0
Unarmed Combat | 4 5 6 8 10 | 10.0
Dodging        | 3 4 6 8 9 |  9.1
Fighting       | 2 3 5 6 7 |  7.3
Spellcasting   | 4 5 |  5.1

Action                   |  1- 3 |  4- 6 |  7- 9 | 10-12 || total
-------------------------+-------+-------+-------+-------++-------
Melee: Unarmed           |    68 |   163 |   331 |    61 ||   623
       Headbutt          |    10 |       |       |       ||    10
       Punch             |     1 |       |     1 |     1 ||     3
       Tailslap          |       |       |     3 |       ||     3
 Cast: Beastly Appendage |    14 |       |       |       ||    14
       Spider Form       |     2 |    27 |    54 |    10 ||    93
       Sticks to Snakes  |       |     7 |     3 |     1 ||    11
       Blade Hands       |       |       |       |     1 ||     1
Invok: Heroism           |       |       |     1 |     2 ||     3
 Abil: End Transformatio |       |       |     3 |       ||     3
  Use: Scroll            |       |       |    17 |       ||    17
       Potion            |       |       |       |     2 ||     2
 Stab: Distracted        |       |     1 |       |       ||     1
  Eat: Chunk             |     2 |     9 |    24 |     1 ||    36
       Ration            |       |     1 |       |     1 ||     2
Armor: Robe              |    12 |     3 |     6 |       ||    21
       Skin              |       |     7 |     5 |     1 ||    13
Dodge: Dodged            |    36 |   136 |   298 |    49 ||   519
